 Dungeon Crawl Stone Soup version 0.24-b1-1-gac51ba0 (webtiles) character file.

Game seed: 2575238140895191131, levelgen mode: deterministic

969 Dorkslayer the Sneak (level 8, 0/54 HPs)
             Began as an Octopode Fighter on Oct 13, 2019.
             Slain by an ice beast (10 damage)
             ... on level 7 of the Dungeon.
             The game lasted 00:37:04 (4835 turns).

Dorkslayer the Sneak (Octopode Fighter)             Turns: 4835, Time: 00:37:04

Health: 0/54       AC:  1    Str: 17    XL:     8   Next: 16%
Magic:  18/18      EV: 14    Int: 10    God:
Gold:   285        SH:  9    Dex: 12    Spells: 7/7 levels left

rFire    . . .     SeeInvis .   z - +1 falchion (holy)
rCold    . . .     Gourm    .   b - +0 shield
rNeg     . . .     Faith    .   (helmet restricted)
rPois    .         Spirit   .   (no amulet)
rElec    .         Reflect  .   u - +2 ring of evasion
rCorr    .         Harm     .   e - ring of stealth
MR       +....                  f - ring of Doawuschou {MR+ MP+9}
Stlth    +++++.....             (no ring)
HPRegen  0.18/turn              (no ring)
MPRegen  0.16/turn              (no ring)
                                (no ring)
                                (no ring)

@: no status effects
A: almost no armour, stealthy swim, amphibious, 8 rings, constrict 8, camouflage
1, gelatinous body 1
a: no special abilities


You were on level 7 of the Dungeon.
You were not hungry.

You visited 1 branch of the dungeon, and saw 7 of its levels.

You collected 285 gold pieces.

Inventory:

Hand Weapons
 a - a +2 long sword
 z - a +1 falchion of holy wrath (weapon)
Missiles
 x - 12 javelins (quivered)
Armour
 b - a +0 shield (worn)
Jewellery
 e - a ring of stealth (right tentacle)
 f - the ring of Doawuschou (on tentacle) {MR+ MP+9}
   (You found it on level 5 of the Dungeon)

   [ring of magical power]

   It affects your resistance to hostile enchantments.
   It affects your magic capacity (+9).
 u - a +2 ring of evasion (left tentacle)
Wands
 A - a wand of flame (17)
Scrolls
 g - a scroll of enchant armour
 h - a scroll of random uselessness {unknown}
 k - a scroll of teleportation
 l - a scroll of blinking
 p - 3 scrolls of remove curse
 r - a scroll of noise {unknown}
 t - a scroll of fog {unknown}
 w - 2 scrolls of amnesia {unknown}
 y - a scroll of magic mapping {unknown}
 C - a scroll of brand weapon {unknown}
Potions
 c - a potion of might
 i - 3 potions of agility
 m - 2 potions of brilliance
 q - a potion of mutation {unknown}
 s - a potion of degeneration {unknown}
 v - a potion of ambrosia {unknown}
 E - a potion of flight {unknown}
Comestibles
 d - 17 rations
 B - 2 chunks of flesh


   Skills:
 * Level 4.4 Fighting
 + Level 5.1 Long Blades
 * Level 2.5 Throwing
 * Level 4.1 Dodging
 + Level 5.8 Stealth
 * Level 4.5 Shields
 * Level 1.4 Evocations


You had 7 spell levels left.
You didn't know any spells.
Your spell library was empty.

Dungeon Overview and Level Annotations

Branches:
Dungeon (7/15)
 Temple: D:4-7

Altars:
Ashenzari
Cheibriados
Kikubaaqudgha
Okawaru


Innate Abilities, Weirdness & Mutations

You cannot wear most types of armour.
You are very stealthy in the water. (Stealth+)
You are amphibious.
You can wear up to eight rings at the same time.
You can use your tentacles to constrict eight enemies at once.
Your skin changes colour to match your surroundings (Stealth+).
Your rubbery body absorbs attacks. (AC +1, EV +1)


Message History

* * * LOW HITPOINT WARNING * * *
You closely miss the ice beast.
The ice beast is severely wounded.
The ice beast hits you.
* * * LOW HITPOINT WARNING * * *
The ice beast freezes you.
* * * LOW HITPOINT WARNING * * *
You feel better. You block the ice beast's attack.
You don't know any spells.
You don't know any spells.
Evoke which item? (* to show all) (? for menu, Esc to quit)
Aiming: Throw Flame
Press: ? - help, Shift-Dir - straight line, f/p - ice beast
Aim: an ice beast (severely wounded)
The puff of flame hits the ice beast!
The ice beast melts!
The ice beast is almost dead.
The ice beast hits you.
* * * LOW HITPOINT WARNING * * *
The ice beast freezes you!
You die...

.. . .. . #.#
###.## #..
.(...
###(##.#.####
...........
#..Y..##
#..@...###
##<........
#..#.#####
#......
##...##.
##..# # .>.
####


You could see an ice beast.

Vanquished Creatures
  Edmund (D:6)
  Menkaure (D:6)
  2 phantoms
  An ogre (D:4)
  A bullfrog (D:6)
  A crimson imp (D:6)
  2 centaur zombies
  2 orc priests (D:5)
  A bullfrog skeleton (D:5)
  A hound (D:6)
  An orc wizard (D:5)
  A worker ant (D:5)
  4 adders
  2 shadow imps (D:6)
  3 oozes
  An adder skeleton (D:4)
  4 dart slugs
  3 worms
  3 leopard geckos
  8 orcs
  A ball python (D:1)
  8 bats
  11 giant cockroaches
  10 goblins
  7 hobgoblins
  12 jackals
  3 quokkas
  9 frilled lizards
  7 kobolds
  A leopard gecko skeleton (D:6)
  A quokka skeleton (D:6)
  7 rats
120 creatures vanquished.

Notes
Turn   | Place    | Note
-------+----------+-------------------------------------------
     0 | D:1      | Dorkslayer the Octopode Fighter began the quest for the
                  | Orb.
     0 | D:1      | Reached XP level 1. HP: 16/16 MP: 1/1
    79 | D:1      | Reached XP level 2. HP: 21/21 MP: 2/2
   215 | D:1      | Reached skill level 1 in Stealth
   215 | D:1      | Reached XP level 3. HP: 12/26 MP: 3/3
  1142 | D:2      | Reached XP level 4. HP: 31/31 MP: 4/4
  1374 | D:3      | Found an ancient bone altar of Kikubaaqudgha.
  1484 | D:3      | Found a shattered altar of Ashenzari.
  2203 | D:3      | Reached XP level 5. HP: 26/36 MP: 5/5
  2545 | D:4      | Found a snail-covered altar of Cheibriados.
  2642 | D:4      | Noticed an ogre
  2649 | D:4      | Killed an ogre
  2704 | D:4      | Noticed a phantom
  2748 | D:4      | Killed a phantom
  2748 | D:4      | Reached XP level 6. HP: 14/42 MP: 6/6
  3155 | D:5      | Entered Level 5 of the Dungeon
  3206 | D:5      | Noticed a phantom
  3214 | D:5      | Reached skill level 1 in Throwing
  3221 | D:5      | Got a transparent bronze ring
  3222 | D:5      | Identified the ring of Doawuschou {MR+ MP+9} (You found it
                  | on level 5 of the Dungeon)
  3234 | D:5      | Killed a phantom
  3234 | D:5      | Reached skill level 5 in Stealth
  3463 | D:5      | Reached XP level 7. HP: 47/47 MP: 7/7
  4278 | D:6      | Found an iron altar of Okawaru.
  4632 | D:6      | Noticed Edmund
  4638 | D:6      | Noticed Menkaure
  4646 | D:6      | Killed Edmund
  4646 | D:6      | Reached skill level 1 in Evocations
  4649 | D:6      | Killed Menkaure
  4649 | D:6      | Reached skill level 5 in Long Blades
  4649 | D:6      | Reached XP level 8. HP: 17/54 MP: 9/9
  4835 | D:7      | Slain by an ice beast

Skill      XL: |  1  2  3  4  5  6  7 |
---------------+----------------------+-----
Stealth        | 1 2 3 4 5 |  5.8
Long Blades    | 3 4 5 |  5.1
Throwing       | 1 2 |  2.5
Shields        | 4 |  4.5
Fighting       | 4 |  4.4
Evocations     | 1 |  1.4
Dodging        | 4 |  4.1

Action                   |  1- 3 |  4- 6 |  7- 9 || total
-------------------------+-------+-------+-------++-------
Melee: Long sword        |    68 |    95 |    38 ||   201
       Constrict         |    21 |    21 |    22 ||    64
       Tentacles         |    11 |    25 |    28 ||    64
       Falchion          |       |       |    46 ||    46
Throw: Javelin           |       |     1 |     5 ||     6
Evoke: Wand              |       |       |     1 ||     1
  Use: Scroll            |       |     9 |     2 ||    11
       Potion            |       |       |     7 ||     7
 Stab: Sleeping          |     7 |    16 |     1 ||    24
       Distracted        |       |       |     1 ||     1
  Eat: Chunk             |     1 |     6 |       ||     7
       Ration            |       |     1 |     1 ||     2
Armor: Skin              |     3 |     1 |     4 ||     8
Dodge: Dodged            |    20 |    22 |    29 ||    71
Block: Shield            |    22 |    33 |    33 ||    88
       Rpst.: Long sword |    10 |    10 |     2 ||    22
       Falchion          |       |       |     5 ||     5
